 Dungeon Sprint DCSS version 0.18.1-5-g4a78601 (webtiles) character file.

58 pipel the Chopper (level 3, -5/58 HPs)
             Began as a Deep Dwarf Berserker on May 9, 2016.
             Was a Believer of Trog.
             Splashed by an oklob sapling priest's acid (9 damage)
             ... in the Dungeon (Sprint IV: "Fedhas' Mad Dash").
             The game lasted 00:01:11 (163 turns).

pipel the Chopper (Deep Dwarf Berserker)             Turns: 163, Time: 00:01:13

Health: -5/58      AC:  0    Str: 26    XL:     3   Next: 76%
Magic:  2/3        EV: 13    Int:  7    God:    Trog [**....]
Gold:   37         SH:  0    Dex: 12    Spells: 0 memorised, 2 levels left

rFire  . . .     SeeInvis .     a - +0 hand axe
rCold  . . .     Gourm    .     b - +0 animal skin
rNeg   . . .     Faith    .     (no shield)
rPois  .         Spirit   .     (no helmet)
rElec  .         Dismiss  .     m - +1 cloak {+Inv}
rCorr  .         Reflect  .     (no gloves)
SustAt .         Harm     .     (no boots)
MR     .....     NoTele   +     (no amulet)
Stlth  ..........               (no ring)
                                (no ring)

@: berserking, corroded, very slightly contaminated, non-regenerating, very
quick, not resistant to hostile enchantments, extremely unstealthy
A: damage resistance, recharge devices, sense surroundings 1, slow regeneration
3
a: Device Recharging, Berserk, Trog's Hand, Burn Spellbooks, Renounce Religion,
Evoke Invisibility


You were in the Dungeon.
You worshipped Trog.
Trog was pleased with you.
You were hungry.

You visited 1 branch You collected 37 gold pieces.

Inventory:

Hand Weapons
 a - a +0 hand axe (weapon)
Armour
 b - a +0 animal skin (worn)
 m - a +1 cloak of invisibility (worn)
Wands
 c - a wand of heal wounds (5/9)
Scrolls
 j - a scroll of blinking
Potions
 e - a potion of curing
 f - a potion of heal wounds
 g - a potion of haste
 h - 2 potions of magic
 i - 2 potions of berserk rage
Comestibles
 d - a bread ration
 k - 2 fruits
 l - a chunk of flesh


   Skills:
 - Level 5.0 Fighting
 - Level 6.1 Axes
 - Level 3.4 Armour
 - Level 3.2 Dodging


You had 2 spell levels left.
You didn't know any spells.

Dungeon Overview and Level Annotations

Branches:
Dungeon (1/1)

Altars:
Cheibriados
Dithmenos
Elyvilon
Gozag
Kikubaaqudgha
Makhleb
Nemelex Xobeh
Okawaru
Pakellas
Ru
Sif Muna
Trog
Vehumet
Xom
Yredelemnul
Zin
The Shining One
Beogh
Jiyva
Lugonu

Annotations:
D exclusion: oklob sapling


Innate Abilities, Weirdness & Mutations

You are resistant to damage.
You can recharge devices by infusing magical energy.
You passively map a small area around you.
You do not regenerate naturally.


Message History

You hit the oklob sapling priest but do no damage.
The oklob sapling priest is moderately damaged.
The oklob sapling priest spits acid at something.
You hit the oklob sapling priest.
The oklob sapling priest is moderately damaged.
You flicker back into view.
You hit the oklob sapling priest but do no damage.
The oklob sapling priest is moderately damaged.
The oklob sapling priest spits acid at you.
The splash of acid hits you! The acid corrodes you!
The acid burns!
You take 22 damage, and have 12/39 hp.
MASSIVE DAMAGE!!
Unknown command.
A red film seems to cover your vision as you go berserk!
You feel yourself moving faster!
You feel mighty!
You are feeling hungry.
The oklob sapling priest spits acid at you.
The splash of acid hits you!
* * * LOW HITPOINT WARNING * * *
The acid burns!
You die...

########################
.....#.....#.⌠...._....⌠
†....'.#.).'._._@_._._._
,
.....#.#...#_._._P_._._._
+
#########+##._._._._._._
* , ,, #.⌠...._....⌠ * ,
############# * ,, * * ,
* , + , , , *,, ** * , *
, , *


You could see an oklob sapling priest.

Vanquished Creatures
  An oklob sapling (D)
  A worker ant (D)
  A river rat (D)
  A rat (D)
4 creatures vanquished.

Notes
Turn   | Place    | Note
--------------------------------------------------------------
     0 | D        | pipel the Deep Dwarf Berserker began the quest for the Orb.
     0 | D        | Reached XP level 1. HP: 20/20 MP: 1/1
    10 | D        | Reached ** piety under Trog
    10 | D        | Reached skill level 4 in Axes
    10 | D        | Reached XP level 2. HP: 28/28 MP: 2/2
    60 | D        | Noticed an oklob sapling
    64 | D        | Killed an oklob sapling
    64 | D        | Reached skill level 5 in Axes
    64 | D        | Reached XP level 3. HP: 37/37 MP: 3/3
   105 | D        | Reached skill level 5 in Fighting
   105 | D        | Reached skill level 6 in Axes
   142 | D        | Found a snail-covered altar of Cheibriados.
   142 | D        | Found a glowing silver altar of Zin.
   142 | D        | Found a white marble altar of Elyvilon.
   143 | D        | Found a viscous altar of Jiyva.
   143 | D        | Found a radiant altar of Vehumet.
   143 | D        | Found a deep blue altar of Sif Muna.
   143 | D        | Found a burning altar of Makhleb.
   143 | D        | Found an oddly glowing altar of Pakellas.
   143 | D        | Found an ancient bone altar of Kikubaaqudgha.
   143 | D        | Found a bloodstained altar of Trog.
   143 | D        | Found a corrupted altar of Lugonu.
   143 | D        | Found a sacrificial altar of Ru.
   143 | D        | Noticed an oklob sapling priest
   148 | D        | Found a glowing golden altar of the Shining One.
   148 | D        | Found a sparkling altar of Nemelex Xobeh.
   149 | D        | Found a shadowy altar of Dithmenos.
   150 | D        | Found an iron altar of Okawaru.
   150 | D        | Found a shimmering altar of Xom.
   151 | D        | Found an opulent altar of Gozag.
   152 | D        | Found a basalt altar of Yredelemnul.
   152 | D        | Found a roughly hewn altar of Beogh.
   163 | D        | Splashed by an oklob sapling priest's acid

Skill      XL: |  1  2  3 |
---------------+----------+-----
Fighting       | 3 4 5 |  5.0
Axes           | 4 5 6 |  6.1
Armour         | 3 |  3.4
Dodging        | 3 |  3.2

Action                   || total
-------------------------++-------
Melee: Hand axe          ||    19
Invok: Berserk           ||     4
 Abil: Evoke Invisibilit ||     1
 Stab: Invisible         ||     1
       Sleeping          ||     1
  Eat: Chunk             ||     1
Dodge: Dodged            ||     4
